[Event "*** Titled Tuesday Blitz"]
[Site "Chess.com"]
[Date "2019.12.03"]
[Round "1"]
[White "Sergey85Rodchenkov"]
[Black "crazy_machine"]
[Result "1-0"]
[WhiteElo "2373"]
[BlackElo "2646"]
[TimeControl "180+2"]
[EndTime "13:07:23 PST"]
[Termination "Sergey85Rodchenkov won by resignation"]

1. e4 d6 2. Nf3 Nf6 3. Nc3 g6 4.
d4 Bg7 5. Be3 c6 6. Qd2 b5 7. Bd3 O-O 8. h3 Nbd7 9. a4 b4 10.
Ne2 a5 11. O-O Ba6 12. c3 c5 13. Rac1 c4 14. Bb1 b3 15. Ng3 Bb7 16. Bh6 Nb6 17.
Qg5 e6 18. Bxg7 Kxg7 19. e5 Ng8 20. Nh5+ Kh8 21. Nf6 Nd5 22. Ne4 Qxg5 23. Nfxg5 dxe5 24. dxe5 h6 25. Nd6 hxg5 26. Nxb7 Nge7 27. Nd6 Nb6 28. f4 Ned5 29. fxg5 Kg7 30. Rf2 Ra7 31. Be4 Rc7 32. Ra1 Ne7 33. g4 Rc5 34. Raf1 Nf5 35. gxf5 gxf5 36. Bxf5 exf5 37. Rxf5 Kg6 38. h4 Nd7 39. Nxf7 Kh5 40. e6 1-0

[Event "*** Titled Tuesday Blitz"]
[Site "Chess.com"]
[Date "2019.12.03"]
[Round "1"]
[White "ehrenfeld"]
[Black "HouseOfDurin"]
[Result "1-0"]
[WhiteElo "2550"]
[BlackElo "2109"]
[TimeControl "180+2"]
[EndTime "13:07:27 PST"]
[Termination "ehrenfeld won by resignation"]

1. e4 c5 2. Nf3 Nc6 3. Bb5 g6 4. Bxc6 bxc6 5. O-O Bg7 6. Re1 e5 7. c3 Ne7 8. d4 cxd4 9. cxd4 exd4 10. Nxd4 O-O 11.
Nc3 d5 12. Bg5 f6 13. Bf4 c5 14. Nb3 d4 15. Na4 c4 16. Nxd4 f5 17. e5 Qa5 18.
Nc3 Bb7 19. Qe2 Nd5 20. Nxd5 Qxd5 21. Nf3 Rfe8 22. Rad1 Qe4 23. Qd2 Qc6 24. h4 Rad8 25. Qxd8 Rxd8 26. Rxd8+ Kf7 27. Red1 Bc8 28. R1d6 Qb7 29.
e6+ Ke7 30. Bg5+ Bf6 31. R8d7+ Bxd7 32. Rxd7+ Qxd7 33. exd7 Bxg5 34. hxg5 Kxd7 35. Kf1 Kc6 36. Ke2 Kc5 37. Ke3 Kb4 38. Kd4 a5 39. Nd2 a4 40.
Nxc4 1-0

[Event "*** Titled Tuesday Blitz"]
[Site "Chess.com"]
[Date "2019.12.03"]
[Round "1"]
[White "mitrabhaa"]
[Black "Everyfishknows"]
[Result "1-0"]
[WhiteElo "2635"]
[BlackElo "2303"]
[TimeControl "180+2"]
[EndTime "13:07:29 PST"]
[Termination "mitrabhaa won by resignation"]

1. Nf3 Nf6 2. g3 g6 3. Bg2 Bg7 4. O-O O-O 5. d4 d6 6. a4 a5 7. Nc3 Nbd7 8. e4 e5 9. h3 c6 10. Be3 Qc7 11. Qd2 Re8 12. Rad1 exd4 13. Nxd4 Nc5 14.
f3 d5 15. exd5 Nxd5 16. Nxd5 cxd5 17. Bf2 Bd7 18. b3 Ne6 19. f4 Nxd4 20. Bxd4 Rac8 21.
Rf2 Be6 22. Bxg7 Kxg7 23. g4 Qc3 24. f5 Bd7 25. fxg6 Qxd2 26. Rdxd2 hxg6 27. Bxd5 Be6 28. Bxb7 Rc3 29. Kg2 Rh8 30. Rf3 Rc7 31. Be4 Rb8 32. Rfd3 Rb4 33. Bf3 g5 34. Rd6 Rc3 35. Rc6 Re3 36.
Rc5 Rf4 37. Ba8 Kf6 38. Rxa5 Re1 39. Rc5 Rff1 40. Rf2+ Rxf2+ 41. Kxf2 Rc1 42. a5 Bxb3 43. a6 Be6 44. a7 Ra1 45. Rc7 1-0

[Event "*** Titled Tuesday Blitz"]
[Site "Chess.com"]
[Date "2019.12.03"]
[Round "1"]
[White "GCamachoMartinez"]
[Black "JonahWillow"]
[Result "0-1"]
[WhiteElo "2431"]
[BlackElo "2789"]
[TimeControl "180+2"]
[EndTime "13:07:36 PST"]
[Termination "JonahWillow won by checkmate"]

1. d4 Nf6 2. c4 e6 3. Nf3 c5 4. g3 cxd4 5. Nxd4 Nc6 6. Bg2 Qb6 7. Nxc6 bxc6 8. O-O d5 9. Nd2 Be7 10. b3 O-O 11. Bb2 Bb7 12. Qc2 c5 13. cxd5 exd5 14. e4 d4 15. Nc4 Qe6 16. Rfe1 Rad8 17. e5 Nd5 18. a3 Ba8 19. Rad1 Nb6 20. Bxa8 Rxa8 21.
Na5 Rac8 22. Rc1 Rfd8 23. Qd3 Nd5 24. Nc4 Qg4 25. f3 Qg5 26. Qe4 Nc7 27. f4 Qg4 28. Kg2 Rb8 29. Nd2 Nd5 30. h3 Qd7 31. f5 Ne3+ 32.
Rxe3 dxe3 33. Nc4 Rxb3 34. Bc3 Qd3 35. Qxd3 Rxd3 36. Ba1 e2 37. Re1 Rxg3+ 38. Kf2 Rxh3 39. Kxe2 Rh2+ 40. Kd1 Rb1# 0-1

[Event "*** Titled Tuesday Blitz"]
[Site "Chess.com"]
[Date "2019.12.03"]
[Round "1"]
[White "vladimirdamjanovic"]
[Black "norwaytoadog"]
[Result "0-1"]
[WhiteElo "2599"]
[BlackElo "2307"]
[TimeControl "180+2"]
[EndTime "13:07:38 PST"]
[Termination "norwaytoadog won by checkmate"]

1. d4 Nf6 2. Bf4 e6 3. e3 c5 4. c3 d5 5. Nd2 Nc6 6. Ngf3 Bd6 7. Bg3 b6 8. Bb5 Bb7 9. Ne5 Bxe5 10. Bxe5 O-O 11.
Bg3 Ne7 12. Bd3 Ne4 13. Qc2 f5 14. f3 Nxg3 15. hxg3 Qd6 16. f4 c4 17. Be2 b5 18. g4 b4 19. Kf2 Bc6 20. Nf3 Be8 21. Ne5 Bg6 22. g5 Rab8 23. Bh5 bxc3 24. bxc3 Qa3 25. Rab1 Bxh5 26. Rxh5 Rxb1 27. Qxb1 Qxc3 28. Qb7 Qd2+ 29. Kg3 Qxe3+ 30. Kh2 Qxf4+ 31. Kg1 Qxd4+ 32. Kh2 Qxe5+ 33. Kh1 Rb8 34. Qxe7 Rb1# 0-1

[Event "*** Titled Tuesday Blitz"]
[Site "Chess.com"]
[Date "2019.12.03"]
[Round "1"]
[White "ruvat"]
[Black "Faustregel"]
[Result "0-1"]
[WhiteElo "2362"]
[BlackElo "2736"]
[TimeControl "180+2"]
[EndTime "13:07:39 PST"]
[Termination "Faustregel won by resignation"]

1. d4 f5 2. Nf3 Nf6 3. g3 g6 4. Bg2 Bg7 5. O-O O-O 6. b3 b6 7. Bb2 Bb7 8. c4 Ne4 9. Nc3 e6 10. Rc1 Qe7 11. d5 Na6 12. Nd4 Nac5 13. e3 Nxc3 14.
Bxc3 e5 15. Nb5 d6 16. b4 Ne4 17. Ba1 a5 18. a3 Ba6 19. Qc2 axb4 20. axb4 Nf6 21.
Bb2 Rfc8 22. Rfd1 Bxb5 23. cxb5 e4 24. Bd4 Nd7 25. Bxg7 Qxg7 26. Rd4 Ne5 27. Qb3 Ra7 28. h3 Rca8 29. Qc3 Ra3 30. Qxc7 Qxc7 31. Rxc7 Ra1+ 32. Kh2 R8a2 33. g4 Rxf2 34. Kg3 Raa2 35. Bh1 Rf1 36. Bxe4 fxe4 37. Rxe4 Rg1+ 38. Kf4 Rf2+ 39.
Kg5 Rf5+ 0-1

[Event "*** Titled Tuesday Blitz"]
[Site "Chess.com"]
[Date "2019.12.03"]
[Round "1"]
[White "Darhild"]
[Black "Elyon2000"]
[Result "1-0"]
[WhiteElo "2655"]
[BlackElo "2313"]
[TimeControl "180+2"]
[EndTime "13:07:45 PST"]
[Termination "Darhild won by resignation"]

1. e4 c5 2. Nf3 Nc6 3. d4 cxd4 4. Nxd4 Nf6 5. Nc3 e5 6. Ndb5 d6 7. Bg5 a6 8. Na3 b5 9. Nd5 Qa5+ 10.
Bd2 Qd8 11. Bg5 Qa5+ 12. Bd2 Qd8 13. c4 Nxe4 14. cxb5 Be6 15. Nc3 Nxc3 16. Bxc3 Nd4 17. bxa6 Be7 18. Bxd4 exd4 19. Bb5+ Kf8 20. O-O d5 21. Nc2 Qb6 22. Nxd4 Bc5 23. Nxe6+ fxe6 24. a4 Ke7 25. Qg4 Rhf8 26. Qxg7+ Rf7 27. Qg5+ Rf6 28. Qg7+ Rf7 29. Qg5+ Rf6 30. Kh1 Rf8 31. f3 Be3 32.
Qh4 Kd6 33. Qxh7 Rh6 34. Qd7+ Kc5 35. Qe7+ Kd4 36. Rad1+ Ke5 37. Qxf8 Qc7 38. f4+ Ke4 39. Qxh6 1-0

[Event "*** Titled Tuesday Blitz"]
[Site "Chess.com"]
[Date "2019.12.03"]
[Round "1"]
[White "vugarrasulov"]
[Black "przemekpiotrowski"]
[Result "1-0"]
[WhiteElo "2792"]
[BlackElo "2435"]
[TimeControl "180+2"]
[EndTime "13:07:46 PST"]
[Termination "vugarrasulov won by resignation"]

1. e4 c5 2. Nf3 Nc6 3. d4 cxd4 4. Nxd4 Nf6 5. Nc3 d6 6. Nd5 e6 7. Nxf6+ Qxf6 8. Nb5 Qd8 9. Bf4 e5 10. Be3 Be7 11. Qd2 O-O 12. O-O-O a6 13. Nxd6 Bxd6 14.
Qxd6 Qa5 15. Bc4 Be6 16. Bxe6 fxe6 17. Qxe6+ Kh8 18. Kb1 Rac8 19. Qd5 Qc7 20. Qc5 Qf7 21. Qa3 Qg6 22. g3 Qxe4 23. Qd3 Qg2 24. Rhg1 Qh3 25. Qd7 Qxh2 26. Rh1 Qg2 27. Qg4 Qf3 28. Qxf3 Rxf3 29.
Rd7 b5 30. a3 Nd4 31. Rd1 h6 32. g4 Kh7 33. c3 Nc6 34. R1d6 Rh3 35. Re6 Rh1+ 36.
Ka2 Rg1 37. Rxh6+ Kg8 38. Rg6 1-0

[Event "*** Titled Tuesday Blitz"]
[Site "Chess.com"]
[Date "2019.12.03"]
[Round "1"]
[White "scrapnel"]
[Black "PowerThinking2650"]
[Result "1-0"]
[WhiteElo "2709"]
[BlackElo "2346"]
[TimeControl "180+2"]
[EndTime "13:07:47 PST"]
[Termination "scrapnel won by resignation"]

1. Nf3 Nf6 2. c4 g6 3. Nc3 Bg7 4. g3 O-O 5. Bg2 d6 6. O-O e5 7. d4 Nbd7 8. Qc2 exd4 9. Nxd4 Re8 10. Rd1 c6 11. Bf4 Nb6 12. c5 Nc4 13. Bxd6 Nxd6 14.
cxd6 Qxd6 15. Nxc6 Qc5 16. Nd4 Qh5 17. Ndb5 Bh3 18.
Bf3 Bg4 19. Nc7 Bxf3 20. exf3 Qxf3 21. Nxa8 Nh5 22. Qa4 Rxa8 23. Qe4 Qxe4 24. Nxe4 Bxb2 25. Rab1 Bg7 26. Rxb7 Re8 27. Nd6 Rd8 28. Rbb1 Bf8 29. Ne4 Re8 30. Re1 f5 31. Ng5 Rc8 32. Ne6 Rc2 33. Rb8 1-0

[Event "*** Titled Tuesday Blitz"]
[Site "Chess.com"]
[Date "2019.12.03"]
[Round "1"]
[White "Fiona"]
[Black "bait_or_mate"]
[Result "0-1"]
[WhiteElo "2113"]
[BlackElo "2553"]
[TimeControl "180+2"]
[EndTime "13:07:47 PST"]
[Termination "bait_or_mate won by resignation"]

1. e4 c5 2. Nc3 Nc6 3. f4 g6 4. Nf3 Bg7 5. Bb5 d6 6. Bxc6+ bxc6 7. d3 e6 8. O-O Ne7 9. Qe1 O-O 10. Qh4 Bd7 11.
f5 exf5 12. Bh6 Nc8 13. Ng5 Qf6 14. exf5 Bxf5 15. Nce4 Qd4+ 16. Kh1 Bxh6 17. Qxh6 Qg7 18. Qh4 Bxe4 19. Nxe4 f5 20. Ng5 Re8 21. Rae1 Nb6 22. c3 Nd5 23. Rxe8+ Rxe8 24. Re1 Rxe1+ 25. Qxe1 Qe7 26.
Qxe7 Nxe7 27. Kg1 h6 28. Ne6 Kf7 29. Nf4 g5 30. Ne2 Ke6 31. Kf2 Nd5 32. Kf3 Nb6 33.
b3 Nd5 34. d4 cxd4 35. Nxd4+ Kf6 36. Nxc6 Nxc3 37. Nxa7 Nxa2 38. Nb5 Ke5 39. g3 Nb4 40. h4 g4+ 41. Ke3 Nd5+ 42. Kf2 h5 43. Ke2 f4 44.
gxf4+ Nxf4+ 45. Kf2 Ng6 46. Kg3 d5 47. b4 d4 48. Na3 Kd5 49. Nc2 Kc4 50. b5 d3 51.
Ne3+ Kxb5 52. Nf5 Kb4 53. Kf2 Kc3 54. Ke1 Kc2 55. Ne3+ Kc1 0-1

[Event "*** Titled Tuesday Blitz"]
[Site "Chess.com"]
[Date "2019.12.03"]
[Round "1"]
[White "Indianlad"]
[Black "SCIM"]
[Result "0-1"]
[WhiteElo "2896"]
[BlackElo "2507"]
[TimeControl "180+2"]
[EndTime "13:07:48 PST"]
[Termination "SCIM won by resignation"]

1. d4 Nf6 2. c4 g6 3. g3 c6 4. Nf3 d5 5. Bg2 Bg7 6. O-O O-O 7. Qb3 Qb6 8. Nc3 Rd8 9. Na4 Qxb3 10. axb3 Na6 11. Bf4 Bf5 12. Rfc1 Nb4 13. Bc7 Rdc8 14. Ba5 Nc2 15. Ra2 Nd7 16. e3 b6 17. Bc3 b5 18.
Nc5 Nxc5 19. dxc5 dxc4 20. bxc4 bxc4 21. Bxg7 Kxg7 22. Ne5 Nb4 23. Ra3 Nd3 24. Nxd3 Bxd3 25. Bf1 Bxf1 26. Kxf1 Rcb8 27. Rxc4 Rxb2 28. Ra6 Rd8 29.
Rxa7 e5 30. Kg2 Rdd2 31. Kf3 Rxf2+ 32. Ke4 Rbd2 33. Rc7 Rxh2 34. Rxc6 Rhg2 35. Rd6 Rxd6 36. cxd6 Kf6 37. Kd5 Rd2+ 38. Kc5 Ke6 39. Rh4 Rd5+ 40. Kc4 h5 41. g4 hxg4 42. Rh8 Rxd6 43. e4 0-1

[Event "*** Titled Tuesday Blitz"]
[Site "Chess.com"]
[Date "2019.12.03"]
[Round "1"]
[White "kacprekt"]
[Black "Sunrise777"]
[Result "0-1"]
[WhiteElo "2344"]
[BlackElo "2707"]
[TimeControl "180+2"]
[EndTime "13:07:53 PST"]
[Termination "Sunrise777 won by resignation"]

1. d4 Nf6 2. c4 c5 3. d5 b5 4. cxb5 a6 5. bxa6 g6 6. Nc3 Bg7 7. Nf3 O-O 8. e4 Qa5 9. Bd2 Bxa6 10. e5 Ng4 11. Ne4 Qc7 12. d6 exd6 13. exd6 Qc6 14. Nfg5 f5 15. Bxa6 Qxa6 16. Bc3 Bxc3+ 17. bxc3 Qc4 18.
h3 Ne5 19. Nd2 Nd3+ 20. Kf1 Qxc3 21. Kg1 Nc6 22. Ngf3 Nd4 23. Nxd4 Qxd4 24. Qb3+ Kg7 25. Rf1 Rfb8 26. Nf3 Rxb3 27. Nxd4 Rb2 28. Nf3 Raxa2 29. Rd1 Nxf2 30. Re1 Ne4 31. Rh2 c4 32. Ne5 c3 33.
Nxd7 c2 34. g4 Rb1 35. Re2 c1=Q 0-1

[Event "*** Titled Tuesday Blitz"]
[Site "Chess.com"]
[Date "2019.12.03"]
[Round "1"]
[White "visa"]
[Black "MPGM"]
[Result "0-1"]
[WhiteElo "2256"]
[BlackElo "2608"]
[TimeControl "180+2"]
[EndTime "13:07:53 PST"]
[Termination "MPGM won on time"]

1. e4 e5 2. Nf3 Nc6 3. Bb5 a6 4.
Ba4 Nf6 5. d3 d6 6. O-O Be7 7. c3 b5 8. Bb3 O-O 9. Re1 Na5 10. Bc2 c5 11. Nbd2 Nc6 12. Nf1 Re8 13. h3 h6 14. Be3 Bf8 15. Ng3 d5 16. exd5 Nxd5 17. Bd2 Bb7 18. a4 b4 19. c4 Nf6 20.
Be3 Nd4 21. Bxd4 exd4 22. Nd2 Qc7 23. Rxe8 Rxe8 24. Nde4 Nxe4 25. Nxe4 f5 26. Nd2 Qf4 27. a5 Bd6 28. Nf1 Re6 29. g3 Qe5 30. Qh5 Kh7 31. Qh4 f4 32. g4 Bc6 33. Bd1 g5 0-1

[Event "*** Titled Tuesday Blitz"]
[Site "Chess.com"]
[Date "2019.12.03"]
[Round "1"]
[White "Philosopherrr"]
[Black "Gabrielian_Artur"]
[Result "0-1"]
[WhiteElo "2439"]
[BlackElo "2804"]
[TimeControl "180+2"]
[EndTime "13:07:56 PST"]
[Termination "Gabrielian_Artur won by resignation"]

1. e4 c5 2. Nf3 d6 3. Bb5+ Nd7 4. Ba4 Nf6 5. O-O e5 6. Re1 Be7 7. c3 O-O 8. d4 cxd4 9. cxd4 exd4 10. Nxd4 Nc5 11.
Bc2 d5 12. e5 Nfe4 13. Nd2 Qb6 14. Nxe4 Nxe4 15. Rb1 Bc5 16. Be3 a5 17. f3 Ng5 18. Qd3 g6 19. Kh1 Ne6 20. Nf5 Bxe3 21. Ne7+ Kg7 22. Nxd5 Qd4 23. Nxe3 Rd8 24. Qxd4 Nxd4 25.
Be4 Be6 26. a3 Rd7 27. Red1 Rad8 28. Rbc1 h5 29. h4 b6 30. Kh2 Bb3 31. Re1 Ne6 32. Bc2 a4 33. Bxb3 axb3 34. Rc3 Rd3 35. Rec1 Nc5 36.
Nc4 Na4 37. Rxd3 Rxd3 38. g3 b5 39. Nd6 Nxb2 40. Rc8 Rd2+ 41. Kh3 Nd3 42. Ne8+ Kh6 43. f4 Nf2+ 44. Kg2 Ng4+ 0-1

[Event "*** Titled Tuesday Blitz"]
[Site "Chess.com"]
[Date "2019.12.03"]
[Round "1"]
[White "Dr-Bassem"]
[Black "Hanging_pointer"]
[Result "1-0"]
[WhiteElo "2781"]
[BlackElo "2411"]
[TimeControl "180+2"]
[EndTime "13:07:57 PST"]
[Termination "Dr-Bassem won by checkmate"]

1. e4 c5 2. Nf3 d6 3. g3 Nc6 4. Bg2 g6 5. O-O Bg7 6. c3 e5 7. a3 Nge7 8. b4 b6 9. Bb2 O-O 10. d4 cxd4 11. cxd4 Bg4 12. d5 Nd4 13. Bxd4 exd4 14.
Nbd2 f5 15. Qb3 Kh8 16. Ng5 fxe4 17. Ndxe4 Qd7 18. Rae1 Rac8 19. h3 Bf5 20. g4 Bxe4 21. Rxe4 Rc3 22. Qa2 Be5 23. f4 Bf6 24. Ne6 Rfc8 25.
Nxd4 Qa4 26. Nc6 Rc2 27. Qb1 Nxc6 28. dxc6 Qxc6 29. Rfe1 d5 30. Re6 Bd4+ 31. Kh1 Qc3 32. Qd1 Rd2 33. Re8+ Rxe8 34. Rxe8+ Kg7 35. Qe1 Qc2 36. Qe7+ Kh6 37. g5+ Kh5 38. Qxh7# 1-0

[Event "*** Titled Tuesday Blitz"]
[Site "Chess.com"]
[Date "2019.12.03"]
[Round "1"]
[White "semchik73"]
[Black "jlucasvf"]
[Result "1-0"]
[WhiteElo "2389"]
[BlackElo "2726"]
[TimeControl "180+2"]
[EndTime "13:07:57 PST"]
[Termination "semchik73 won by resignation"]

1. Nf3 d5 2. c4 e6 3. d4 c5 4.
cxd5 exd5 5. Nc3 Nf6 6. Bg5 c4 7. g3 Be6 8. Bg2 Nbd7 9. e4 dxe4 10. Nxe4 Bb4+ 11. Nc3 Bxc3+ 12. bxc3 Qa5 13. Bd2 Ne4 14. Qc2 Nxd2 15. Qxd2 O-O 16. O-O Bd5 17. Rfe1 Rfe8 18. Qg5 Nf6 19. Nd2 h6 20. Qf5 Rxe1+ 21. Rxe1 Qxc3 22. Bxd5 Qxd2 23. Re7 Qxd4 24. Bxf7+ Kh8 25. Qg6 Ng4 26. Qf5 c3 27. Bb3 Qf6 28. Qxf6 Nxf6 29.
Rc7 Ne4 30. f3 Nd2 31. Rxc3 Nxb3 32. Rxb3 b6 33. Rd3 Rd8 34. Rxd8+ 1-0

[Event "*** Titled Tuesday Blitz"]
[Site "Chess.com"]
[Date "2019.12.03"]
[Round "1"]
[White "BvsN"]
[Black "Alexander_Donchenko"]
[Result "0-1"]
[WhiteElo "2378"]
[BlackElo "2744"]
[TimeControl "180+2"]
[EndTime "13:07:58 PST"]
[Termination "Alexander_Donchenko won by resignation"]

1. d4 Nf6 2. c4 e6 3. Nc3 Bb4 4. f3 O-O 5. a3 Bxc3+ 6. bxc3 d5 7. cxd5 exd5 8. e3 Re8 9. Bd3 b6 10. Ne2 Ba6 11. O-O Bxd3 12. Qxd3 Qc8 13. Ng3 Qa6 14.
Qc2 c5 15. e4 cxd4 16. cxd4 Qc4 17. Qf2 dxe4 18. fxe4 Nxe4 19. Qe3 Nf6 20. Qf2 Ne4 21. Qe3 Qc3 22. Qxc3 Nxc3 23. Nf5 Nc6 24. Nd6 Re7 25.
Bg5 f6 26. Bh4 Nxd4 27. Kh1 Rd8 28. Nc4 Nb3 29. Rae1 Rxe1 30. Rxe1 Rd4 31. Nd6 Rxd6 32.
Bg3 Rd1 0-1

[Event "*** Titled Tuesday Blitz"]
[Site "Chess.com"]
[Date "2019.12.03"]
[Round "1"]
[White "RainForestt"]
[Black "kinga2008"]
[Result "1-0"]
[WhiteElo "2529"]
[BlackElo "1949"]
[TimeControl "180+2"]
[EndTime "13:08:01 PST"]
[Termination "RainForestt won by resignation"]

1. d4 d6 2. e4 Nf6 3. Nc3 g6 4. f4 Bg7 5. e5 dxe5 6. fxe5 Nd5 7. Ne4 O-O 8. Nf3 Bg4 9. Bc4 Nc6 10. c3 Kh8 11. O-O e6 12. Bg5 Qd7 13. Bxd5 Qxd5 14. Nf6 Qb5 15. Nxg4 Qxb2 16. Qb3 Qe2 17. Rf2 Qd3 18. Rd1 Qe4 19. Nf6 Bxf6 20. Bxf6+ Kg8 21. Ng5 Qg4 22. h3 Qh5 23. Rdf1 Rae8 24. Qxb7 Ne7 25.
Bxe7 Rxe7 26. Ne4 Kg7 27. Qxa7 Qh4 28. Rf4 c6 29. Qc5 1-0

[Event "*** Titled Tuesday Blitz"]
[Site "Chess.com"]
[Date "2019.12.03"]
[Round "1"]
[White "vlad10898"]
[Black "2165149677570"]
[Result "1-0"]
[WhiteElo "2690"]
[BlackElo "2330"]
[TimeControl "180+2"]
[EndTime "13:08:02 PST"]
[Termination "vlad10898 won by resignation"]

1. e4 c5 2. Nf3 d6 3. d4 cxd4 4. Nxd4 Nf6 5. Nc3 a6 6. Bg5 e6 7. f4 b5 8. e5 dxe5 9. fxe5 Qc7 10. exf6 Qe5+ 11. Be2 Qxg5 12. O-O Ra7 13. Qd3 Rd7 14. Ne4 Qg6 15. Qe3 Bb7 16. Bd3 Bxe4 17. Bxe4 Qh6 18. Qf2 Bc5 19. c3 Qxf6 20. Qg3 Bxd4+ 21. cxd4 Qxd4+ 22. Rf2 O-O 23. Bf3 Rd6 24. Rd1 Qxd1+ 25. Bxd1 Rxd1+ 26. Rf1 Rxf1+ 27. Kxf1 Rc8 28. Qa3 Nd7 29. Qd6 Nc5 30.
b4 Na4 31. Qxa6 Rc1+ 32. Kf2 Rc2+ 33. Kf3 Rc3+ 34. Ke4 Rc4+ 35. Ke3 Rc3+ 36. Kd2 h6 37. Qxb5 Ra3 38. Qc4 Nb2 39. Qc8+ Kh7 40. Qc2+ Nd3 41. Qxd3+ 1-0

[Event "*** Titled Tuesday Blitz"]
[Site "Chess.com"]
[Date "2019.12.03"]
[Round "1"]
[White "champ2005"]
[Black "WinningButNotReally"]
[Result "1-0"]
[WhiteElo "2965"]
[BlackElo "2500"]
[TimeControl "180+2"]
[EndTime "13:08:04 PST"]
[Termination "champ2005 won by checkmate"]

1. c4 g6 2. Nc3 Nf6 3. e4 e5 4.
Nf3 Nc6 5. d4 exd4 6. Nxd4 Bb4 7. Nxc6 bxc6 8. Bd3 O-O 9. O-O Re8 10. Qc2 Kg7 11. Bg5 h6 12. Be3 d5 13. cxd5 cxd5 14. Nxd5 Nxd5 15. exd5 Qxd5 16. Bc4 Qc6 17. Bd4+ Kh7 18. Rac1 Bb7 19. f3 Bc5 20. Bxc5 Qxc5+ 21. Kh1 Re7 22. Bb3 Qd6 23. Rfd1 Qf4 24. Qd2 Qxd2 25.
Rxd2 Rae8 26. h3 f5 27. Kh2 h5 28. Rdc2 Rc8 29. h4 f4 30. Rc4 g5 31. hxg5 Kg6 32.
Rxf4 Kxg5 33. Kg3 c5 34. Rfc4 Rec7 35. R4c3 Kf6 36. Kh4 Kg6 37. Bc2+ Kh6 38. Re1 Rc6 39.
Rce3 Rf8 40. Re7 Rb6 41. Rh7# 1-0

[Event "*** Titled Tuesday Blitz"]
[Site "Chess.com"]
[Date "2019.12.03"]
[Round "1"]
[White "davigator"]
[Black "biostatistician"]
[Result "0-1"]
[WhiteElo "2304"]
[BlackElo "2636"]
[TimeControl "180+2"]
[EndTime "13:08:06 PST"]
[Termination "biostatistician won by resignation"]

1. e4 e6 2. d4 d5 3. Nc3 Nc6 4. Nf3 Nf6 5. Bd3 Nb4 6. O-O Be7 7. Re1 Nxd3 8. cxd3 O-O 9. h3 c5 10. dxc5 dxe4 11.
Nxe4 Nxe4 12. dxe4 Bxc5 13. Qc2 b6 14. Bf4 Bb7 15.
a3 Rc8 16. Qe2 Qf6 17. Bg5 Qg6 18. Rad1 h6 19. Bf4 Rfd8 20. Ne5 Qf6 21. Bg3 Qe7 22.
Kh2 Rxd1 23. Rxd1 Rd8 24. Rxd8+ Qxd8 25. Qf3 Qf6 26. Qe2 Bd4 27. Nd3 Qd8 28. Ne1 Bf6 29. e5 Be7 30. f3 a5 31. Bf2 Qc7 32. Nc2 Bc5 33. Bg3 Qc6 34. b4 axb4 35. axb4 Be7 36. b5 Qc3 37. Bf2 Bc5 38. Bxc5 Qxc5 39. Ne1 Bd5 40. Qc2 Qxb5 41. Nd3 Bc4 42. Nb2 Qxe5+ 43. Kg1 Qe3+ 44. Kh2 Bd5 45. Qc8+ Kh7 46. Qc2+ g6 47. Nd1 Qf4+ 48. Kg1 b5 49. Nf2 b4 50. Qb2 h5 51.
Kh1 Qe3 52. Qf6 Kg8 53. Qb2 b3 54. Kh2 Qc5 55. Ne4 Bxe4 56. fxe4 Qc2 57. Qd4 b2 58.
Qd8+ Kh7 59. Qf6 Qc7+ 60. e5 b1=Q 61. Qf3 Qxe5+ 0-1

[Event "*** Titled Tuesday Blitz"]
[Site "Chess.com"]
[Date "2019.12.03"]
[Round "1"]
[White "DonBroca"]
[Black "chessdude"]
[Result "0-1"]
[WhiteElo "2109"]
[BlackElo "2549"]
[TimeControl "180+2"]
[EndTime "13:08:10 PST"]
[Termination "chessdude won by checkmate"]

1. e4 c6 2. Nf3 d5 3. exd5 cxd5 4.
d4 Nf6 5. Nc3 Nc6 6. Be2 Bf5 7.
O-O h6 8. Bf4 e6 9. Ne5 Be7 10.
Rc1 O-O 11. Qd2 Bh7 12. Rfd1 a6 13. a3 Nxe5 14. dxe5 Nd7 15. Bd3 Bxd3 16. Qxd3 Rc8 17. Qg3 Bg5 18. Ne2 Bxf4 19. Qxf4 Qg5 20. g3 Qxe5 21.
Qxe5 Nxe5 22. Nd4 Nc4 23. Rb1 Rc7 24. c3 Rfc8 25. Nb3 b5 26. Nd4 Rb7 27. Nc2 a5 28. f4 Nd6 29. Kf2 g5 30. Ke3 Nf5+ 31. Kf3 Rc4 32.
fxg5 hxg5 33. Ne3 Nxe3 34. Kxe3 f5 35. Rd4 Rh7 36. Rxc4 bxc4 37. Kd4 Rxh2 38. Kc5 Kf7 39. Kb5 f4 40. gxf4 gxf4 41. Kxa5 e5 42. Kb6 f3 43. a4 e4 44. Kc5 e3 45. a5 e2 46.
a6 Rh8 47. Kxd5 f2 48. Kxc4 f1=Q 49. Kb5 e1=Q+ 50. c4 Qxb1 51. a7 Qxb2+ 52. Kc6 Qxc4+ 53. Kd7 Qbd4# 0-1

[Event "*** Titled Tuesday Blitz"]
[Site "Chess.com"]
[Date "2019.12.03"]
[Round "1"]
[White "MasterKroket"]
[Black "artooon"]
[Result "0-1"]
[WhiteElo "2443"]
[BlackElo "2807"]
[TimeControl "180+2"]
[EndTime "13:08:11 PST"]
[Termination "artooon won by resignation"]

1. d4 Nf6 2. c4 e6 3. Nf3 d5 4. Nc3 c6 5. Bg5 dxc4 6. e4 b5 7. e5 h6 8. Bh4 g5 9. Nxg5 hxg5 10. Bxg5 Be7 11. exf6 Bxf6 12. Bxf6 Qxf6 13. Ne4 Qe7 14. Qd2 Na6 15. g3 Bb7 16. Bg2 O-O-O 17. O-O c5 18. Qa5 f5 19. Nxc5 Nxc5 20. dxc5 Bxg2 21.
Kxg2 Qb7+ 22. f3 f4 23. Rf2 fxg3 24. hxg3 Rd5 25. Rh1 Rxh1 26. Kxh1 Rxc5 27. Kg2 Rd5 28. Qb4 Qc6 29. Re2 e5 30. Qf8+ Kb7 31. Qe7+ Qc7 32. Qe6 Qc6 33. Qe7+ Qc7 34. Qxc7+ Kxc7 35. g4 Kd6 36.
Kg3 Ke6 37. f4 b4 38. f5+ Kf6 39. Re4 Rd4 40. Rxd4 exd4 41. Kf4 c3 42. bxc3 bxc3 43. g5+ Kf7 0-1

[Event "*** Titled Tuesday Blitz"]
[Site "Chess.com"]
[Date "2019.12.03"]
[Round "1"]
[White "shnitez"]
[Black "gemarin"]
[Result "0-1"]
[WhiteElo "2521"]
[BlackElo "2122"]
[TimeControl "180+2"]
[EndTime "13:08:15 PST"]
[Termination "gemarin won on time"]

1. Nf3 d5 2. c4 c6 3. e3 Nf6 4.
Nc3 e6 5. b3 Be7 6. Bb2 O-O 7.
Qc2 b6 8. Be2 Ba6 9. Rg1 dxc4 10.
bxc4 c5 11. g4 Nc6 12. g5 Nb4 13. Qb1 Nd7 14. a3 Nc6 15. Bd3 f5 16. gxf6 Nxf6 17. Ng5 Ne5 18. Bxh7+ Kh8 19. Nce4 Nd3+ 20. Kd1 Bxc4 21.
Nxf6 Bxf6 22. Bxf6 Rxf6 23. Bxd3 Bxd3 24. Qb2 Qd7 25.
f4 c4 26. Rc1 Rd8 27. Ke1 Re8 28. Qe5 Qd5 29. Qxd5 exd5 30. Kf2 b5 31. Nf3 a5 32. Rg5 Be4 33. Nd4 Rb8 34. Rcg1 Rb7 35. Ra1 b4 36. axb4 axb4 37. Ra8+ Kh7 38. Rg1 b3 39. Nf3 Rg6 40. Ng5+ Rxg5 41. fxg5 b2 42. g6+ Bxg6 43. Rg3 Be4 44.
Rh3+ Kg6 45. Rg3+ Kf7 46. Rg4 b1=Q 47. Rf4+ Ke7 0-1

[Event "*** Titled Tuesday Blitz"]
[Site "Chess.com"]
[Date "2019.12.03"]
[Round "1"]
[White "albi1999"]
[Black "Denis_Palkovich"]
[Result "1-0"]
[WhiteElo "2575"]
[BlackElo "2221"]
[TimeControl "180+2"]
[EndTime "13:08:17 PST"]
[Termination "albi1999 won on time"]

1. d4 d5 2. c4 Bf5 3. cxd5 Bxb1 4.
Qa4+ Qd7 5. Qxd7+ Nxd7 6. Rxb1 Ngf6 7. Bd2 g6 8. f3 Nxd5 9. e4 N5b6 10. Rc1 c6 11.
Be3 Bg7 12. Bd3 O-O 13. Ne2 e5 14. Kf2 exd4 15. Bxd4 Ne5 16. Rhd1 Nxd3+ 17. Rxd3 Rad8 18. Rcd1 f5 19. exf5 Rxf5 20. Bxg7 Rxd3 21. Rxd3 Kxg7 22. Nc3 Kf7 23. g4 Rc5 24. Kg3 h6 25. h4 Ke6 26.
Re3+ Re5 27. Rd3 Nd5 28. Ne4 Nb4 29. Rd6+ Kf7 30. Rd7+ Re7 31. Rd4 Nxa2 32. Ra4 Nc1 33. Rxa7 Nd3 34. b3 b5 35. Ra6 Nb4 36. Ra8 Rd7 37.
g5 hxg5 38. hxg5 Rd3 39. Ra7+ Kf8 40. Nc5 Rd5 41. Ne6+ Kg8 42. Rg7+ Kh8 43. Rxg6 Nc2 44. Nf4 Rd1 45. Rxc6 Rg1+ 46. Kf2 1-0

[Event "*** Titled Tuesday Blitz"]
[Site "Chess.com"]
[Date "2019.12.03"]
[Round "1"]
[White "LiamVrolijk"]
[Black "PlotnikovPavel"]
[Result "1-0"]
[WhiteElo "2755"]
[BlackElo "2384"]
[TimeControl "180+2"]
[EndTime "13:08:19 PST"]
[Termination "LiamVrolijk won on time"]

1. d4 e6 2. Nf3 f5 3. g3 Nf6 4.
Bg2 d5 5. c4 c6 6. Bf4 Bd6 7. Bxd6 Qxd6 8. O-O O-O 9. Nbd2 Nbd7 10.
Ne1 Ne4 11. Rc1 Ndf6 12. Nd3 Bd7 13. Nf3 Be8 14. Qb3 Qe7 15. cxd5 exd5 16. Qc2 Bh5 17. Nfe5 Rae8 18. e3 g5 19. b4 Nd6 20. a4 a6 21. Nc5 Qg7 22. b5 axb5 23. axb5 Nxb5 24.
Qxf5 Ng4 25. Qd3 Nxe5 26. dxe5 Rxe5 27. Qb3 Be2 28. Rfe1 Bc4 29. Qc2 Qe7 30. Nd3 Ref5 31. e4 Bxd3 32. Qxd3 Rxf2 33. exd5 Qf6 34. dxc6 Nd4 35.
cxb7 Rxg2+ 36. Kxg2 Qf2+ 37. Kh1 Nf3 38. Re2 1-0